 Dungeon Crawl Stone Soup version 0.20.1-1-g8b1a95d66d (webtiles) character file.

991029 prolog the Conqueror (level 27, -4/194 HPs)
             Began as a Gargoyle Berserker on Dec 18, 2017.
             Was the Champion of Trog.
             Engulfed by a cloud of freezing vapour (22 damage)
             ... on level 7 of Cocytus on Dec 20, 2017.
             The game lasted 04:37:17 (86527 turns).

prolog the Conqueror (Gargoyle Berserker)          Turns: 86527, Time: 04:37:17

Health: -4/194     AC: 56    Str: 39 (40) XL:     27
Magic:  0/25       EV: 20    Int:  1 (5)  God:    Trog [******]
Gold:   6394       SH:  0    Dex:  7      Spells: 26/26 levels left

rFire    . . .     SeeInvis .   S - +9 executioner's axe (drain)
rCold    . . .     Gourm    .   (shield currently unavailable)
rNeg     + . .     Faith    .   x - +14 crystal plate armour
rPois    ∞         Spirit   +   D - +1 helmet
rElec    +         Reflect  .   n - scarf {Spirit}
rCorr    +         Harm     .   L - +2 pair of gloves
MR       +++..     Rnd*Rage +   R - +0 pair of boots of Buurr {Slay+5} Stlth ++........Rnd*Tele +
                                B - amulet of Vitality {Regen+ HP+15}
Regen    0.9/turn               h - ring "Kuoseak" {EV+2 Str+7 Slay+3}
MPRegen  0.2/turn               r - ring "Pucsyiqot" {rCorr rPois MP+9 Dex+2 Stlth+}

@: corroded, flying, slowed, lost intelligence, very slow
A: big wings, berserk 3, clumsy 2, deformed body, deterioration 1, dopey 2,
frail 1, low mp 3, magic resistance 1, negative energy resistance 1, screaming
3, electricity resistance, teleportitis 1, unbreathing, petrification
resistance, no potion heal 1, rot immunity, MP-powered wands, AC +20
}: 6/15 runes: barnacled, slimy, silver, bone, abyssal, gossamer
a: Stop Flying, Berserk, Trog's Hand, Brothers in Arms, Burn Spellbooks,
Renounce Religion


You were on level 7 of Cocytus.
You worshipped Trog.
Trog was exalted by your worship.
You were not hungry.

You visited 12 branches of the dungeon, and saw 64 of its levels.
You visited the Abyss 3 times.
You also visited: Sewer and Ossuary.

You collected 7620 gold pieces.
You spent 1226 gold pieces at shops.

Inventory:

Hand Weapons
 f - a +1 antimagic executioner's axe
 y - the cursed +2 bardiche of Battle {freeze, rElec Str+4, unknown}
   (You found it on level 7 of Tartarus)

   It has been specially enchanted to freeze those struck by it, causing extra
   injury to most foes and up to half again as much damage against particularly
   susceptible opponents.
   It can also slow down cold-blooded creatures.
   It affects your strength (+4).
   It insulates you from electricity.
   It has a curse placed upon it.
 F - the cursed +2 broad axe of Laceration {flame, rPois rF+, unknown}
   (You found it on level 7 of Cocytus)

   It has been specially enchanted to burn those struck by it, causing extra
   injury to most foes and up to half again as much damage against particularly
   susceptible opponents.
   Big, fiery blades are also staple armaments of hydra-hunters.
   It protects you from fire.
   It protects you from poison.
   It has a curse placed upon it.
 S - a +9 executioner's axe of draining (weapon)
Armour
 n - a scarf of spirit shield (worn)
 x - a +14 crystal plate armour (worn)
 D - a +1 helmet (worn)
 H - the cursed +1 robe of Qopluh {rCorr Str-5 Int+4 Stlth+, unknown}
   (You found it on level 7 of Cocytus)

   It affects your strength (-5).
   It affects your intelligence (+4).
   It protects you from acid and corrosion.
   It makes you more stealthy.
   It has a curse placed upon it.
 L - a +2 pair of gloves (worn)
 R - the +0 pair of boots of Buurr (worn) {Slay+5}
   (You found it on level 5 of the Pits of Slime)

   It affects your accuracy and damage with ranged weapons and melee attacks
   (+5).
Jewellery
 h - the ring "Kuoseak" (left hand) {EV+2 Str+7 Slay+3}
   (You took it off a tengu reaver on level 5 of the Vaults)

   [ring of evasion]

   It affects your evasion (+2).
   It affects your strength (+7).
   It affects your accuracy and damage with ranged weapons and melee attacks
   (+3).
 o - the amulet of Jesai {Regen+ Int+4 SInv}
   (You took it off a vampire mage on level 7 of Tartarus)

   [amulet of regeneration]

   It affects your intelligence (+4).
   It lets you see invisible.
   It increases your rate of regeneration.
 p - the ring "Oczoq" {Fire Str+4}
   (You found it on level 7 of Tartarus)

   [ring of fire]

   It enhances your fire magic.
   It affects your strength (+4).
   It protects you from fire.
   It makes you vulnerable to cold.
 r - the ring "Pucsyiqot" (right hand) {rCorr rPois MP+9 Dex+2 Stlth+}
   (You found it on level 7 of Tartarus)

   [ring of resist corrosion]

   It affects your dexterity (+2).
   It protects you from poison.
   It affects your magic capacity (+9).
   It makes you more stealthy.
 B - the amulet of Vitality (around neck) {Regen+ HP+15}
   (You found it on level 7 of Cocytus)

   [amulet of regeneration]

   It affects your health (+15).
   It increases your rate of regeneration.
 E - the amulet of Kindness {rC+ Regen+ Str+2 Int+2 Dex-5}
   (You took it off a deep elf master archer on level 3 of the Elven Halls)

   [amulet of regeneration]

   It affects your strength (+2).
   It affects your intelligence (+2).
   It affects your dexterity (-5).
   It protects you from cold.
   It increases your rate of regeneration.
 G - the ring "Toelasaz" {rCorr Slay+2 SInv}
   (You found it on level 5 of the Pits of Slime)

   [ring of resist corrosion]

   It affects your accuracy and damage with ranged weapons and melee attacks
   (+2).
   It lets you see invisible.
Wands
 d - a wand of clouds (2/9)
Scrolls
 e - a scroll of summoning
 g - 16 scrolls of teleportation
 k - 20 scrolls of remove curse
 s - 9 scrolls of recharging
 K - 3 scrolls of fear
 N - 2 scrolls of silence
 T - 10 scrolls of magic mapping
 X - 4 scrolls of enchant weapon
 Z - 8 scrolls of fog
Potions
 b - 26 potions of curing
 i - 2 potions of heal wounds
 q - 4 potions of berserk rage
 v - 2 potions of cancellation
 w - 2 potions of brilliance
 z - 7 potions of haste
 A - a potion of ambrosia
 I - a potion of agility
Books
 j - Sif Muna's Compendium of Orientation and Enhancements
   (You found it on level 7 of Tartarus)

   Spells                             Type                      Level
   a - Apportation                    Translocation                1
   b - Song of Slaying                Charms                       2
   c - Portal Projectile              Hexes/Translocation          3
   d - Deflect Missiles               Charms/Air                   6
   e - Disjunction                    Translocation                8
   Trog disapproves of the use of such an item.
 m - a book of Callings

   Spells                             Type                      Level
   a - Summon Small Mammal            Summoning                    1
   b - Call Imp                       Summoning                    2
   c - Call Canine Familiar           Summoning                    3
   d - Summon Guardian Golem          Hexes/Summoning              3
   e - Summon Lightning Spire         Summoning/Air                4
   f - Summon Ice Beast               Ice/Summoning                4
   Trog disapproves of the use of such an item.
 u - a book of Flames

   Spells                             Type                      Level
   a - Flame Tongue                   Conjuration/Fire             1
   b - Throw Flame                    Conjuration/Fire             2
   c - Conjure Flame                  Conjuration/Fire             3
   d - Inner Flame                    Hexes/Fire                   3
   e - Sticky Flame                   Conjuration/Fire             4
   f - Fireball                       Conjuration/Fire             5
   Trog disapproves of the use of such an item.
 C - a book of Debilitation

   Spells                             Type                      Level
   a - Corona                         Hexes                        1
   b - Slow                           Hexes                        2
   c - Inner Flame                    Hexes/Fire                   3
   d - Portal Projectile              Hexes/Translocation          3
   e - Cause Fear                     Hexes                        4
   f - Leda's Liquefaction            Hexes/Earth                  4
   Trog disapproves of the use of such an item.
Miscellaneous
 a - the horn of Geryon
Comestibles
 c - 33 bread rations
 l - 12 royal jellies
 t - 8 meat rations


   Skills:
 O Level 27 Fighting
 O Level 27 Axes
 O Level 27 Armour
 O Level 27 Dodging
 + Level 23.8 Stealth


You had 26 spell levels left.
You didn't know any spells.

Dungeon Overview and Level Annotations

Branches:
Dungeon (15/15)            Temple (0/1) D:5            Lair (6/6) D:10
 Shoals (4/4) Lair:2       Spider (4/4) Lair:2        Slime (5/5) Lair:6
    Orc (2/2) D:10            Elf (3/3) Orc:2        Vaults (5/5) D:14
  Crypt (0/3) Vaults:3     Depths (5/5) D:15           Hell (1/1)
    Dis (0/7) Hell            Geh (0/7) Hell            Coc (7/7) Hell
    Tar (7/7) Hell            Zot (0/5) Depths:5

Altars:
Ashenzari
Cheibriados
Elyvilon
Gozag
Kikubaaqudgha
Makhleb
Nemelex Xobeh
Okawaru
Qazlal
Ru
Sif Muna
Uskayaw
Vehumet
Xom
Yredelemnul
Zin
The Shining One
Jiyva
Lugonu

Shops:
D:6 (   D:7 !   D:9 [   D:10 ?   D:11 (   Orc:2 =[(*   Elf:1 %   Elf:2 }??(
Vaults:1 (   Vaults:2 %   Depths:1 *   Depths:3 :   Depths:5 ((}=

Portals:
Hell: Depths:1 Depths:2 Depths:3 Depths:4 Depths:5
Abyss: Depths:2 Depths:3 Depths:4
Pandemonium: Depths:3
Ziggurat: Depths:5

Annotations:
Coc:7 Antaeus


Innate Abilities, Weirdness & Mutations

You are resistant to torment.
Your stone body is resilient. (AC +20)
You are immune to poison.
Your large and strong wings let you fly indefinitely.
You resist negative energy. (rN+)
You are resistant to electric shocks. (rElec)
You can survive without breathing.
You are immune to petrification.
You are immune to rotting.
You have an uncontrollable temper.
You are very clumsy. (Dex -4)
Armour fits poorly on your strangely shaped body.
Your body sometimes deteriorates upon taking damage.
You are very dopey. (Int -4)
You are frail. (-10% HP)
Your magical capacity is extremely low. (-30% MP)
You are resistant to hostile enchantments. (MR+)
You frequently scream uncontrollably at your foes.
You are occasionally teleported next to monsters.
Potions are less effective at restoring your health.
You expend magic power (3 MP) to strengthen your wands.


Message History

The bolt of lightning hits you! You resist. The Ice Fiend gestures at you.
The bolt of cold hits you! Antaeus gestures at you.
The bolt of lightning hits you! You resist.
The Ice Fiend calls on the powers of darkness!
Your body is wracked with pain!
The Ice Fiend calls on the powers of darkness!
Your body is wracked with pain!
* * * LOW HITPOINT WARNING * * *
The Ice Fiend gestures at you. The bolt of cold hits you!
* * * LOW HITPOINT WARNING * * *
Your body deteriorates!
You feel weakened.
You shiver with fear.
Freezing gases billow around you!
A stone giant zombie comes into view.
Your system partially rejects the healing.
You feel much better.
You are engulfed in freezing vapours.
You die...

....≈≈≈≈#
#≈≈≈..##'##..≈
....≈≈≈≈# #≈≈.z##
z}# . ≈...≈≈≈≈#
#≈≈..# 1)#
≈≈.≈≈≈≈≈# #≈≈11#
})#..≈##
≈≈≈≈≈≈≈≈# #≈≈.z#
)#..≈##
≈)[≈≈≈≈≈##
#≈≈.C## ##..≈##
≈≈≈≈≈≈≈≈≈#
#≈≈≈..#####..≈≈##
≈≈≈≈≈≈≈≈≈#
#≈≈§§Z......≈≈≈##
≈≈≈≈≈≈≈≈≈##
##§§@§.....≈≈≈≈##
≈≈≈≈≈≈≈≈≈≈#
#≈§§§....≈≈≈≈≈##
≈≈..≈≈≈≈≈≈#
#≈≈≈≈....≈≈≈≈≈##
≈....≈≈≈≈≈#
#≈≈≈≈....≈≈≈≈≈##
≈....≈≈≈≈≈#
#≈≈≈.....≈≈≈≈≈##
≈≈..^≈≈≈≈≈#
#≈≈≈.....≈≈≈≈≈##
≈≈...≈≈≈≈≈#
#≈≈≈....≈≈≈≈≈≈##
≈≈≈≈.≈≈≈≈##
#≈≈≈....≈≈≈≈≈≈##
≈≈≈≈≈≈≈≈≈#
#≈≈≈..)≈≈≈≈≈≈≈##


You could see Antaeus, 2 Ice Fiends, 2 skeletal warriors and a stone giant
zombie.

Vanquished Creatures
  the Royal Jelly (Slime:5)
  Ereshkigal (Tar:7)
  the Serpent of Hell (Tar:7)
  6 ancient liches
  2 juggernauts
  29 shard shrikes
  Saint Roka (Vaults:1)
  Margery (Vaults:5)
  3 caustic shrikes (Depths:4)
  4 golden dragons
  Geryon (Hell)
  Jory (Vaults:4)
  32 doom hounds
  35 bone dragons
  98 Tzitzimimeh
  6 liches
  2 tentacled monstrosities
  Rupert (Orc:2)
  18 Ice Fiends
  2 titans
  A quicksilver dragon (Depths:4)
  3 deep elf master archers (Elf:3)
  10 eldritch tentacles
  4 deep elf blademasters
  The ghost of pecaplod the Destroyer, an adept DsVM of Vehumet (Depths:1)
  Polyphemus (Shoals:2)
  19 acid blobs
  5 sphinxes
  2 tentacled starspawn (Abyss:5)
  Gastronok (Lair:1)
  16 shadow dragons
  2 ancient champions (Hell)
  2 krakens
  10 tengu reavers
  An Executioner (Tar:6)
  Ilsuiw (Shoals:4)
  7 storm dragons
  Donald (Vaults:1)
  A revenant (Vaults:3)
  10 frost giants
  The ghost of dracomuter the Fighter, a journeyman DrTm of Okawaru (Orc:2)
  17 azure jellies
  2 balrugs
  Aizul (Elf:1)
  4 ghost moths
  5 fire giants
  An orc warlord (Orc:2)
  11 deep elf sorcerers
  5 iron dragons
  A cacodemon (Coc:7)
  A draconian scorcher (Depths:5)
  14 vault wardens
  A ghoul (Vaults:3)
  16 ironheart preservers
  8 emperor scorpions
  10 deep elf elementalists
  A caustic shrike skeleton (Depths:2)
  13 stone giants
  89 reapers
  3 spriggan defenders (Depths:3)
  4 war gargoyles
  15 vampire knights
  5 elemental wellsprings
  26 very ugly things
  6 entropy weavers
  A green draconian (Depths:5)
  7 deep elf demonologists
  The ghost of Noxor the Thaumaturge, an adept SpEn of Hepliaklqana (Elf:3)
  3 black draconians (Depths:5)
  4 spark wasps
  4 deep elf annihilators
  11 merfolk javelineers
  16 blizzard demons
  11 deep elf death magi
  11 ettins
  2 crystal guardians
  13 death oozes
  Josephine (D:11)
  Snorg (D:10)
  18 ogre magi
  13 fire dragons
  8 merfolk impalers
  6 quicksilver dragon zombies
  17 yaktaur captains
  10 jiangshi
  Fannar (Lair:2)
  9 deep elf high priests
  The ghost of chimenez the Thaumaturge, a journeyman DgFE (Lair:5)
  16 great orbs of eyes
  A naga warrior (Depths:1)
  2 small abominations
  31 vault guards
  5 kraken zombies
  3 quicksilver dragon skeletons
  7 rakshasas
  19 starcursed masses (Abyss:5)
  A catoblepas (Shoals:2)
  39 ice dragons
  6 ghost crabs
  9 hydras
  5 spriggan air magi
  10 centaur warriors
  2 alligator snapping turtles (Shoals:4)
  An anaconda (Depths:1)
  53 two-headed ogres
  26 dancing weapons
  5 merfolk avatars
  10 death yaks
  4 satyrs
  4 thrashing horrors (Abyss:5)
  7 deep troll shamans
  An alligator (shapeshifter) (Vaults:5)
  5 hell hogs
  6 merfolk aquamancers
  10 deep troll earth magi
  18 tengu warriors
  14 vampire magi
  2 orc high priests (Orc:2)
  10 spriggan berserkers
  15 hell knights
  16 spriggans
  9 titan zombies
  11 storm dragon zombies
  14 deep elf knights
  32 soul eaters
  Nergalle (Lair:1)
  295 skeletal warriors
  7 sun demons
  A spatial maelstrom (Abyss:5)
  2 wretched stars (Abyss:5)
  A sixfirhy (Abyss:5)
  7 titan skeletons
  10 sea snakes
  11 anaconda zombies
  2 golden dragon zombies
  3 shadow wraiths
  An iron troll (Depths:5)
  A spark wasp zombie (Depths:2)
  A sea snake (shapeshifter) (Vaults:5)
  An unseen horror (shapeshifter) (Vaults:2)
  2 ghost moth zombies
  A quicksilver dragon simulacrum (Depths:4)
  6 wizards
  6 storm dragon skeletons
  36 deep trolls
  36 shadow demons
  4 unseen horrors
  3 death drakes
  12 glowing orange brains
  A spectral hydra (Coc:3)
  13 flayed ghosts
  A lindwurm (Lair:6)
  3 tengu zombies (Depths:2)
  6 anaconda skeletons
  14 deep elf archers
  7 golden dragon skeletons
  17 ironbrand convokers
  3 shadow dragon zombies
  A kraken simulacrum (Shoals:4)
  56 deep elf magi
  4 iron dragon zombies
  27 harpies
  30 phantasmal warriors
  A mana viper (shapeshifter) (Vaults:4)
  4 wolf spider zombies
  24 orc knights
  2 sphinx zombies
  5 orc sorcerers
  31 wolf spiders
  19 orb spiders
  A lindwurm (shapeshifter) (Depths:5)
  2 sphinx skeletons
  7 frost giant zombies
  49 ugly things
  16 necromancers
  4 shining eyes
  6 shadow dragon skeletons
  9 cyclopes
  14 manticores
  7 fauns
  5 oklob plants
  3 worldbinders (Abyss:5)
  93 slime creatures
  15 elephants
  16 stone giant zombies
  2 moths of wrath (shapeshifter)
  9 frost giant skeletons
  14 merfolk sirens
  7 stone giant skeletons
  Maurice (D:10)
  A black mamba (shapeshifter) (D:12)
  4 black mambas
  8 fire giant zombies
  2 apocalypse crabs (Abyss:5)
  16 spectral swamp worms
  A shock serpent zombie (Tar:2)
  9 smoke demons
  3 moths of wrath
  2 eyes of devastation (Slime:5)
  Joseph (D:10)
  An elephant (shapeshifter) (Abyss:5)
  9 fire giant skeletons
  2 water nymphs
  3 ice statues
  5 dire elephant zombies
  2 alligator snapping turtle zombies (Coc:3)
  3 orange demons (Hell)
  11 rust devils
  10 iron dragon skeletons
  6 spiny frogs
  A storm dragon simulacrum (Coc:2)
  13 hellions
  3 torpor snails
  A guardian serpent (Abyss:5)
  22 vault sentinels
  A spiny frog (shapeshifter) (Depths:3)
  The ghost of Popi the Covered, a novice HuFi (D:5)
  2 gargoyles
  8 dire elephant skeletons
  2 emperor scorpion zombies
  2 catoblepas zombies
  A yellow draconian zombie (Tar:4)
  6 efreet
  8 demonic crawlers
  A komodo dragon (shapeshifter) (Vaults:1)
  7 komodo dragons
  4 shock serpent skeletons
  A spark wasp simulacrum (Depths:3)
  39 tormentors
  2 rime drakes
  5 anaconda simulacra
  60 yaktaurs
  8 silent spectres
  A redback zombie (D:13)
  44 ice devils
  5 red devils
  3 harpy zombies
  56 freezing wraiths
  18 trolls
  22 hydra zombies
  3 tengu conjurers
  3 meliai (Spider:4)
  9 ancient zymes
  A meliai (shapeshifter) (Depths:4)
  8 wind drakes
  30 jumping spiders
  26 merfolk
  A golden dragon simulacrum (Coc:3)
  6 polar bears (Lair:6)
  19 hornets
  23 blink frogs
  11 hydra skeletons
  6 harpy skeletons
  6 ice dragon zombies
  A stone giant simulacrum (Vaults:2)
  8 ettin zombies
  13 fire dragon zombies
  A meliai zombie (D:12)
  10 bog bodies (Coc:7)
  A slime creature (shapeshifter) (Vaults:5)
  10 hippogriffs
  13 alligator zombies
  18 dream sheep
  9 snapping turtles
  14 raiju (Abyss:5)
  A frost giant simulacrum (Depths:1)
  A hippogriff (shapeshifter) (Vaults:1)
  46 shadows
  9 ettin skeletons
  4 black mamba zombies
  10 air elementals
  156 flying skulls
  3 ice dragon skeletons
  A spriggan (shapeshifter) (Vaults:2)
  37 water elementals
  7 alligator skeletons
  A tarantella (shapeshifter) (Vaults:5)
  39 tarantellas
  A vampire (D:12)
  94 redbacks
  A spriggan skeleton (Depths:2)
  A spriggan simulacrum (Depths:1)
  34 wraiths
  49 yaks
  6 fire dragon skeletons
  Eustachio (D:6)
  3 hogs (D:7)
  3 black mamba skeletons
  3 wyverns
  A hog (shapeshifter) (Vaults:4)
  2 human simulacra
  3 elf skeletons
  2 golden eyes (shapeshifter)
  6 fire elementals (Hell)
  2 basilisks
  A neqoxec (Abyss:5)
  11 golden eyes
  14 hungry ghosts
  A steam dragon (D:10)
  20 humans
  An elf simulacrum (Depths:3)
  A vampire mosquito (D:13)
  2 chaos spawn
  4 spatial vortices
  Menkaure (Ossuary)
  A soldier ant (D:13)
  A yaktaur simulacrum (Vaults:1)
  10 water moccasins
  11 wargs
  7 large abominations
  A soldier ant (shapeshifter) (Vaults:2)
  An acid dragon (D:12)
  9 spiny frog zombies
  7 hydra simulacra
  3 porcupines
  The ghost of monokles the Skirmisher, an amateur OgBe of Trog (D:3)
  2 black bears (Lair:6)
  24 hell hounds
  An ice dragon simulacrum (Coc:2)
  3 swamp dragon zombies
  A black bear (shapeshifter) (Vaults:2)
  6 eyes of draining
  A manticore zombie (Tar:6)
  43 orc warriors
  7 spiny frog skeletons
  3 sky beasts
  17 ice beasts
  3 ettin simulacra
  46 ogres
  A boggart (shapeshifter) (Vaults:2)
  26 wolves
  An alligator simulacrum (Coc:1)
  11 phantoms
  10 boggarts
  51 necrophages
  An ogre (shapeshifter) (Vaults:5)
  6 snapping turtle skeletons
  7 snapping turtle zombies
  12 crocodiles
  5 swamp dragon skeletons
  31 centaurs
  3 big kobolds
  A gnoll sergeant (D:10)
  Blork the orc (D:6)
  21 bullfrogs
  2 elf zombies
  3 spiny frog simulacra
  5 earth elementals
  2 wyvern skeletons
  6 scorpions
  A water moccasin skeleton (D:5)
  A snapping turtle simulacrum (Coc:7)
  51 wights
  A spriggan zombie (Tar:5)
  A troll skeleton (Tar:7)
  5 electric eels
  4 howler monkeys
  8 crimson imps
  2 bullfrog zombies
  11 hounds
  4 quasits
  16 orc priests
  A jelly (shapeshifter) (Vaults:5)
  2 bullfrog skeletons (D:10)
  3 centaur skeletons
  3 centaur zombies
  Crazy Yiuf (D:6)
  2 jellies (D:10)
  17 orc wizards
  5 human zombies
  4 human skeletons
  2 iguanas (D:4)
  Natasha (D:2)
  A hell rat (Coc:7)
  12 worker ants
  A naga zombie (Tar:7)
  An ogre zombie (Coc:7)
  An ogre skeleton (Coc:2)
  2 naga skeletons
  A tengu skeleton (Tar:4)
  A hound skeleton (D:9)
  8 mummies
  3 worker ant zombies
  Robin (D:2)
  9 gnolls
  10 adders
  42 shadow imps
  25 white imps
  2 ufetubi (Abyss:2)
  2 oozes
  5 worms
  A dart slug (D:1)
  4 leopard geckos
  83 orcs
  3 giant cockroaches
  3 gnoll zombies (Ossuary)
  10 goblins
  11 hobgoblins
  15 jackals
  5 quokkas
  8 ball pythons
  10 bats
  21 frilled lizards
  6 gnoll skeletons (Ossuary)
  A goblin skeleton (Ossuary)
  A goblin zombie (Ossuary)
  2 hobgoblin skeletons (Ossuary)
  3 hobgoblin zombies (Ossuary)
  16 kobolds
  2 kobold skeletons (Ossuary)
  4 kobold zombies (Ossuary)
  2 leopard gecko skeletons
  2 leopard gecko zombies (D:6)
  5 orc skeletons
  An orc zombie (D:14)
  11 rats
  A rat skeleton (Ossuary)
  2 rat zombies (Ossuary)
  5 crawling corpses
  2 fungi
  13 plants
  10 tentacles
4430 creatures vanquished.

Vanquished Creatures (others)
  A caustic shrike (Depths:4)
  Asterion (Vaults:1)
  An eldritch tentacle (Coc:1)
  2 elemental wellsprings
  A rakshasa (Depths:2)
  A merfolk aquamancer (Shoals:4)
  A skeletal warrior (Coc:7)
  A spatial maelstrom (Abyss:5)
  A shadow wraith (Vaults:4)
  An unseen horror (D:10)
  A quicksilver dragon simulacrum (Depths:4)
  An orb spider (Spider:1)
  An ancient zyme (Abyss:5)
  A meliai (shapeshifter) (Vaults:2)
  A hornet (Spider:2)
  A jumping spider (Spider:4)
  A hydra skeleton (Coc:7)
  An ice dragon zombie (Hell)
  2 golden eyes
  A hungry ghost (Abyss:5)
  A floating eye (Depths:4)
  An orc warrior (Vaults:5)
  2 ettin simulacra (Depths:4)
  3 ogres (Vaults:5)
  A hound (D:11)
  An orc (Vaults:5)
  2 gnoll zombies (Ossuary)
  2 goblin skeletons (Ossuary)
  3 goblin zombies (Ossuary)
  A hobgoblin skeleton (Ossuary)
  A hobgoblin zombie (Ossuary)
  2 kobold skeletons (Ossuary)
  2 kobold zombies (Ossuary)
  3 orc skeletons (Ossuary)
  A rat skeleton (Ossuary)
  4 rat zombies (Ossuary)
  A crawling corpse (Depths:5)
  8 fungi (Orc:2)
  A lurking horror (Abyss:5)
  12 plants
  32 tentacles
106 creatures vanquished.

Grand Total: 4536 creatures vanquished

Notes
Turn   | Place    | Note
-------+----------+-------------------------------------------
     0 | D:1      | prolog the Gargoyle Berserker began the quest for the Orb.
     0 | D:1      | Reached XP level 1. HP: 14/14 MP: 1/1
   101 | D:1      | Reached XP level 2. HP: 17/20 MP: 2/2
   593 | D:1      | Reached XP level 3. HP: 24/24 MP: 3/3
  1098 | D:2      | Reached XP level 4. HP: 18/30 MP: 4/4
  1272 | D:2      | Noticed Robin
  1283 | D:2      | Reached ** piety under Trog
  1288 | D:2      | Reached skill level 5 in Fighting
  1293 | D:2      | Killed Robin
  1503 | D:2      | Found an iron altar of Okawaru.
  1664 | D:2      | Noticed Natasha
  1675 | D:2      | Killed Natasha
  1675 | D:2      | Reached XP level 5. HP: 15/35 MP: 5/5
  2267 | D:3      | Found a glowing drain.
  2277 | Sewer    | Entered a sewer
  2821 | D:3      | Noticed monokles's ghost (amateur OgBe)
  2833 | D:3      | Killed monokles's ghost
  2833 | D:3      | Reached XP level 6. HP: 42/42 MP: 3/6
  2911 | D:3      | You fall through a shaft for 2 floors!
  2911 | D:5      | Entered Level 5 of the Dungeon
  3146 | D:3      | Reached *** piety under Trog
  3640 | D:4      | Reached XP level 7. HP: 37/48 MP: 5/7
  4434 | D:5      | Found a glowing golden altar of the Shining One.
  4434 | D:5      | Found an iron altar of Okawaru.
  4434 | D:5      | Found a glowing silver altar of Zin.
  4434 | D:5      | Found a radiant altar of Vehumet.
  4434 | D:5      | Found a white marble altar of Elyvilon.
  4434 | D:5      | Found a burning altar of Makhleb.
  4434 | D:5      | Found an ancient bone altar of Kikubaaqudgha.
  4434 | D:5      | Found a shimmering altar of Xom.
  4434 | D:5      | Found a shimmering altar of Xom.
  4434 | D:5      | Found a shimmering altar of Xom.
  4434 | D:5      | Found an iron altar of Okawaru.
  4434 | D:5      | Found a glowing silver altar of Zin.
  4435 | D:5      | Found a staircase to the Ecumenical Temple.
  4454 | D:5      | Noticed Popi's ghost (novice HuFi)
  4508 | D:5      | Killed Popi's ghost
  4508 | D:5      | Reached skill level 5 in Axes
  4508 | D:5      | Reached XP level 8. HP: 48/55 MP: 8/8
  4620 | D:5      | Got a slimy quarterstaff
  4777 | D:5      | Found a sparkling altar of Nemelex Xobeh.
  4848 | D:5      | Reached **** piety under Trog
  5009 | D:5      | Found a shattered altar of Ashenzari.
  5391 | D:6      | Found a runed door.
  5397 | D:6      | Noticed Crazy Yiuf
  5405 | D:6      | Paralysed by Crazy Yiuf for 6 turns
  5412 | D:6      | Killed Crazy Yiuf
  5443 | D:6      | Identified the cursed +1 quarterstaff of Articulation {freeze, *Rage rF+ MP+9 Str+4} (You found it on level 5 of the Dungeon)
  5488 | D:6      | Noticed Eustachio
  5514 | D:6      | Killed Eustachio
  5514 | D:6      | Reached XP level 9. HP: 62/62 MP: 9/9
  5579 | D:6      | Reached skill level 10 in Fighting
  5610 | D:6      | Found Nakk's Weapon Shoppe.
  5631 | D:6      | Found a sand-covered staircase.
  5635 | D:6      | Noticed Blork the orc
  5639 | Ossuary  | Entered an ossuary
  5884 | Ossuary  | Noticed Menkaure
  5886 | Ossuary  | Reached ***** piety under Trog
  5893 | Ossuary  | Killed Menkaure
  5893 | Ossuary  | Reached skill level 5 in Armour
  6000 | D:6      | Killed Blork the orc
  6209 | D:6      | Found a stormy altar of Qazlal.
  6451 | D:6      | Got a heavily runed zirconium amulet
  7012 | D:7      | Identified the amulet of Ekhual {rF+ Regen+ Str-2 Int+5} (You found it on level 6 of the Dungeon)
  7252 | D:7      | Reached XP level 10. HP: 66/71 MP: 8/10
  7471 | D:7      | Found Cown's Distillery.
  7479 | D:7      | Bought a potion of degeneration for 13 gold pieces
  7814 | D:8      | Found a snail-covered altar of Cheibriados.
  7932 | D:8      | Received a gift from Trog
  8524 | D:8      | Got a wavering lead ring
  8574 | D:8      | Found a white marble altar of Elyvilon.
  8671 | D:9      | Found Okkeu's Armour Shoppe.
  9486 | D:9      | Noticed a two-headed ogre
  9493 | D:9      | Killed a two-headed ogre
  9493 | D:9      | Reached XP level 11. HP: 78/78 MP: 9/11
  9890 | D:10     | Entered Level 10 of the Dungeon
  9898 | D:10     | Noticed a two-headed ogre
  9904 | D:10     | Killed a two-headed ogre
  9939 | D:10     | Found a staircase to the Orcish Mines.
 10059 | D:10     | Noticed a two-headed ogre
 10069 | D:10     | Killed a two-headed ogre
 10145 | D:10     | Noticed a centaur warrior
 10145 | D:10     | Noticed a two-headed ogre
 10147 | D:10     | Killed an unseen horror
 10152 | D:10     | Killed a two-headed ogre
 10153 | D:10     | Killed a centaur warrior
 10176 | D:10     | Got a distressingly furry plate armour
 10224 | D:10     | Noticed a two-headed ogre
 10226 | D:10     | Found a staircase to the Lair.
 10230 | D:10     | Killed a two-headed ogre
 10290 | D:10     | Identified the +9 plate armour of the Princeling {rPois rC- MR++ Stlth+} (You found it on level 10 of the Dungeon)
 10334 | D:10     | Noticed Snorg
 10343 | D:10     | Killed Snorg
 10631 | D:10     | Found Xunanturch's Magic Scroll Boutique.
 10690 | D:10     | Reached XP level 12. HP: 86/86 MP: 12/12
 10959 | D:10     | Reached skill level 10 in Armour
 11014 | D:10     | Reached skill level 15 in Fighting
 11024 | D:10     | Noticed Maurice
 11033 | D:10     | Killed Maurice
 11132 | D:10     | Noticed Joseph
 11142 | D:10     | Killed Joseph
 11434 | Lair:1   | Entered Level 1 of the Lair of Beasts
 11461 | Lair:1   | Noticed Nergalle
 11471 | Lair:1   | Killed Nergalle
 11569 | Lair:1   | Noticed Gastronok
 11586 | Lair:1   | Killed Gastronok
 11607 | Lair:1   | Reached skill level 10 in Axes
 11811 | Lair:1   | Found a basalt altar of Yredelemnul.
 12278 | Lair:2   | Noticed Fannar
 12292 | Lair:2   | Killed Fannar
 12412 | Lair:1   | Identified the ring of Ixtafote {rC++ MR+ Str+3 Int-3 SInv} (You found it on level 8 of the Dungeon)
 12528 | Lair:2   | Reached XP level 13. HP: 94/94 MP: 13/13
 12595 | Lair:2   | Found an ancient bone altar of Kikubaaqudgha.
 12689 | Lair:2   | Found a hole to the Spider Nest.
 12743 | Lair:2   | Found a labyrinth entrance.
 13075 | Lair:2   | Found a staircase to the Shoals.
 14734 | Lair:4   | You fall through a shaft for 2 floors!
 14734 | Lair:6   | Entered Level 6 of the Lair of Beasts
 15006 | Lair:4   | Gained mutation: Your large and strong wings let you fly indefinitely. [Gargoyle growth]
 15006 | Lair:4   | Reached XP level 14. HP: 88/103 MP: 12/14
 15710 | Lair:5   | Noticed chimenez's ghost (journeyman DgFE)
 15724 | Lair:5   | Killed chimenez's ghost
 16371 | Lair:6   | Found a staircase to the Slime Pits.
 16371 | Lair:6   | Found a viscous altar of Jiyva.
 16413 | Lair:6   | Found a sacrificial altar of Ru.
 16867 | Lair:6   | Got a translucent war axe
 16927 | Lair:6   | Identified the cursed +0 war axe of Demand {chaos, rF- Int+7} (You found it on level 6 of the Lair of Beasts)
 17052 | Lair:6   | Received a gift from Trog
 17804 | Orc:1    | Entered Level 1 of the Orcish Mines
 17982 | Orc:2    | Entered Level 2 of the Orcish Mines
 17994 | Orc:2    | Found a staircase to the Elven Halls.
 17999 | Orc:2    | Reached XP level 15. HP: 104/111 MP: 15/15
 18091 | Orc:2    | Noticed an orc warlord
 18109 | Orc:2    | Killed an orc warlord
 18110 | Orc:2    | Received a gift from Trog
 18439 | Orc:2    | Noticed dracomuter's ghost (journeyman DrTm)
 18715 | Orc:2    | Noticed Rupert
 18724 | Orc:2    | Killed Rupert
 18772 | Orc:2    | Killed dracomuter's ghost
 18843 | Orc:2    | Found Zonaeca's Jewellery Shop.
 18971 | Orc:2    | Found Ujeck's Antique Weapon Shop.
 19044 | Orc:2    | Found Fitwill's Antique Armour Shoppe.
 19171 | Orc:2    | Found Naem's General Store.
 19351 | Orc:1    | Reached ****** piety under Trog
 19423 | Orc:1    | Found a burning altar of Makhleb.
 19789 | D:11     | Noticed Josephine
 19795 | D:11     | Killed Josephine
 19948 | D:11     | Received a gift from Trog
 20042 | D:11     | Found Piv Atas's Weapon Shoppe.
 20958 | D:13     | Identified a scroll of acquirement
 21116 | D:13     | Got an ancient ring mail
 21362 | D:13     | Found a white marble altar of Elyvilon.
 21509 | D:13     | Found a deep blue altar of Sif Muna.
 21637 | D:14     | Found an ancient bone altar of Kikubaaqudgha.
 22054 | D:14     | Reached XP level 16. HP: 119/120 MP: 16/16
 22247 | D:14     | Received a gift from Trog
 22329 | D:14     | Found a gate to the Vaults.
 22435 | D:15     | Entered Level 15 of the Dungeon
 22839 | D:15     | Found a staircase to the Depths.
 22916 | D:15     | Reached skill level 15 in Armour
 23947 | Spider:1 | Entered Level 1 of the Spider Nest
 23984 | Lair:2   | Identified the +2 ring mail of Yredelemnul's Favour {*Drain Str+7 Int+3} (You found it on level 13 of the Dungeon)
 24478 | Spider:1 | Received a gift from Trog
 26154 | Spider:2 | Received a gift from Trog
 26154 | Spider:2 | Reached XP level 17. HP: 110/128 MP: 14/17
 27830 | Spider:3 | Received a gift from Trog
 28651 | Spider:4 | Entered Level 4 of the Spider Nest
 29156 | Spider:4 | Received a gift from Trog
 30820 | Spider:4 | Reached XP level 18. HP: 125/136 MP: 0/18
 30999 | Spider:4 | Got a gossamer rune of Zot
 31012 | Spider:4 | Got a smoking quarterstaff
 31442 | Vaults:1 | Entered Level 1 of the Vaults
 31641 | Vaults:1 | Found Naleogiado's Antique Weapon Boutique.
 31683 | Vaults:1 | Received a gift from Trog
 31707 | Vaults:1 | Got a jewelled battleaxe {god gift}
 31709 | Vaults:1 | Identified the +7 battleaxe of Pandemonium {chop, *Rage Dex+3 Stlth+} (Trog gifted it to you on level 1 of the Vaults)
 31767 | Vaults:1 | Reached skill level 15 in Axes
 31833 | Vaults:1 | Noticed Donald
 31846 | Vaults:1 | Killed Donald
 32263 | Vaults:1 | Noticed Saint Roka
 32281 | Vaults:1 | Killed Saint Roka
 32698 | Vaults:1 | Received a gift from Trog
 33535 | Vaults:1 | Reached XP level 19. HP: 116/144 MP: 15/19
 33559 | Vaults:1 | Received a gift from Trog
 33577 | Vaults:1 | Got a shimmering rapier {vamp}
 33905 | Vaults:1 | Noticed Asterion
 33917 | Vaults:1 | Killed Asterion
 34140 | Vaults:1 | Identified the cursed +0 rapier of Deflation {vamp, *Noise +Fly rPois} (You took it off an ogre mage on level 1 of the Vaults)
 34170 | Vaults:2 | Found Arphaegit's Food Shoppe.
 34621 | Vaults:2 | Received a gift from Trog
 36203 | Vaults:3 | Received a gift from Trog
 36653 | Vaults:3 | Paralysed by a great orb of eyes for 5 turns
 36676 | Vaults:3 | Received a gift from Trog
 36692 | Vaults:3 | Found a staircase to the Crypt.
 37111 | Vaults:3 | Reached XP level 20. HP: 152/152 MP: 20/20
 37935 | Vaults:4 | Received a gift from Trog
 38296 | Vaults:4 | Received a gift from Trog
 39593 | Vaults:5 | Entered Level 5 of the Vaults
 39692 | Vaults:5 | Reached XP level 21. HP: 160/160 MP: 17/21
 39774 | Vaults:5 | Noticed Jory
 39777 | Vaults:5 | Received a gift from Trog
 39793 | Vaults:4 | Killed Jory
 40139 | Vaults:5 | Received a gift from Trog
 40296 | Vaults:5 | Noticed a golden dragon
 40300 | Vaults:5 | Noticed an ancient lich
 40310 | Vaults:5 | Killed an ancient lich
 40311 | Vaults:5 | Killed a golden dragon
 40460 | Vaults:5 | Reached XP level 22. HP: 152/168 MP: 20/22
 40472 | Vaults:5 | Got a crystal spear
 40542 | Vaults:5 | Noticed a golden dragon
 40552 | Vaults:5 | Killed a golden dragon
 40552 | Vaults:5 | Reached skill level 27 in Fighting
 40710 | Vaults:5 | Got a clouded ruby amulet
 40711 | Vaults:5 | Got a transparent dire flail {crush}
 40863 | Vaults:5 | Identified the Handbook of Sinister Arts
 40889 | Vaults:5 | Noticed an ancient lich
 40897 | Vaults:5 | Killed an ancient lich
 40952 | Vaults:5 | Noticed an ancient lich
 40952 | Vaults:5 | Received a gift from Trog
 40961 | Vaults:5 | Killed an ancient lich
 40985 | Vaults:5 | Noticed Margery
 41000 | Vaults:5 | Killed Margery
 41266 | Vaults:5 | Identified the amulet of the Furies {+Rage rPois rN+ Int+4} (You took it off a deep elf sorcerer on level 5 of the Vaults)
 41302 | Vaults:5 | Paralysed by an ogre mage for 5 turns
 41318 | Vaults:5 | Got a silver rune of Zot
 41498 | Vaults:5 | Got a steaming iron ring
 41636 | Vaults:5 | Got an encrusted dagger
 41712 | Vaults:5 | Received a gift from Trog
 41946 | Vaults:5 | Got a glittering wooden ring
 42092 | Vaults:5 | Identified the ring "Kuoseak" {EV+2 Str+7 Slay+3} (You took it off a tengu reaver on level 5 of the Vaults)
 42101 | Vaults:5 | Identified the ring "Jamocsam" {*Corrode rF+ rC++ Str-4 Stlth+} (You took it off a deep elf high priest on level 5 of the Vaults)
 42806 | Lair:1   | Identified the +4 spear of Nightmares {pierce, rN+ Str+5} (You found it on level 5 of the Vaults)
 42807 | Lair:1   | Identified the +7 dire flail "Oceghual" {crush, +Rage rN+ MR-} (You took it off a deep elf sorcerer on level 5 of the Vaults)
 42808 | Lair:1   | Identified the +5 dagger "Utreed" {flame, rPois Int+2} (You found it on level 5 of the Vaults)
 43127 | Depths:1 | Entered Level 1 of the Depths
 43134 | Depths:1 | Noticed pecaplod's ghost (adept DsVM)
 43142 | Depths:1 | Reached XP level 23. HP: 127/175 MP: 16/23
 43149 | Depths:1 | Killed pecaplod's ghost
 43430 | Depths:1 | Found Lyshri's Serpentskin Sales.
 43470 | Depths:1 | Received a gift from Trog
 43957 | Depths:1 | Found a gateway to Hell.
 44231 | Depths:2 | Found a corrupted altar of Lugonu.
 44232 | Depths:2 | Found a one-way gate to the infinite horrors of the Abyss.
 44285 | Depths:2 | Paralysed by a great orb of eyes for 4 turns
 44605 | Depths:2 | Received a gift from Trog
 44880 | Depths:2 | Got a translucent scale mail
 45566 | Depths:3 | Noticed a juggernaut
 45573 | Depths:3 | Killed a juggernaut
 45872 | Depths:3 | Reached XP level 24. HP: 159/181 MP: 19/23
 46039 | Depths:3 | Paralysed by a great orb of eyes for 5 turns
 46046 | Depths:3 | Received a gift from Trog
 46334 | Depths:3 | Found a one-way gate leading to the halls of Pandemonium.
 47148 | Depths:3 | Found Zixy's Book Boutique.
 47423 | Depths:4 | Found a stormy altar of Qazlal.
 47527 | Depths:4 | Reached skill level 5 in Dodging
 48194 | Depths:4 | Killed a caustic shrike
 48259 | Depths:4 | Received a gift from Trog
 48294 | Depths:4 | Got a transparent bronze amulet
 48372 | Depths:4 | Found a burning altar of Makhleb.
 48745 | Depths:4 | Noticed a caustic shrike
 48747 | Depths:4 | Noticed a caustic shrike
 48747 | Depths:4 | Noticed a caustic shrike
 48754 | Depths:4 | Killed a caustic shrike
 49159 | Depths:4 | Found a hide-covered altar of Uskayaw.
 49210 | Depths:4 | Paralysed by a sphinx for 6 turns
 49249 | Depths:4 | Killed a caustic shrike
 49252 | Depths:4 | Killed a caustic shrike
 49305 | Depths:4 | Reached XP level 25. HP: 132/187 MP: 21/23
 49637 | Depths:4 | Found a basalt altar of Yredelemnul.
 49893 | Depths:4 | Received a gift from Trog
 50193 | Depths:4 | Identified the amulet "Roebuol" {RegenMP SInv} (You took it off a deep elf demonologist on level 4 of the Depths)
 50424 | Lair:1   | Identified the cursed +1 scale mail of Isebraj {rPois MR+ Stlth+} (You found it on level 2 of the Depths)
 50712 | Depths:5 | Entered Level 5 of the Depths
 50712 | Depths:5 | Noticed a juggernaut
 50732 | Depths:5 | Noticed an ancient lich
 50734 | Depths:5 | Killed a juggernaut
 50895 | Depths:5 | Cast into level 5 of the Abyss (an ancient lich)
 50895 | Abyss:5  | Entered Level 5 of the Abyss
 50895 | Abyss:5  | Found a corrupted altar of Lugonu.
 50898 | Abyss:5  | Found a corrupted altar of Lugonu.
 50992 | Abyss:5  | Found a corrupted altar of Lugonu.
 51072 | Abyss:5  | Gained mutation: You are dopey. (Int -2) [a neqoxec]
 51077 | Abyss:5  | Reached skill level 10 in Dodging
 51149 | Abyss:5  | Received a gift from Trog
 51180 | Abyss:5  | Got an abyssal rune of Zot
 51290 | Depths:5 | Escaped the Abyss
 51447 | Depths:5 | Killed an ancient lich
 51603 | Depths:5 | Found a gateway to a ziggurat.
 51774 | Depths:5 | Found a gate to the Realm of Zot.
 51815 | Depths:5 | Received a gift from Trog
 52099 | Depths:5 | Reached XP level 26. HP: 179/193 MP: 21/23
 52129 | Depths:5 | Found Essuuve's Jewellery Shoppe.
 52186 | Depths:5 | Found Pybauj's Gadget Shoppe.
 52192 | Depths:5 | Found Vintatuf's Antique Weapon Emporium.
 52194 | Depths:5 | Found Gocaz's Weapon Shoppe.
 52867 | Slime:1  | Entered Level 1 of the Pits of Slime
 52926 | Slime:1  | Gained mutation: Your magical capacity is low. (-10% MP) [a shining eye]
 52927 | Slime:1  | Gained mutation: You occasionally shout uncontrollably at your foes. [a shining eye]
 53481 | Slime:3  | Gained mutation: You tend to lose your temper in combat. [a shining eye]
 53483 | Slime:3  | Received a gift from Trog
 54209 | Slime:4  | Received a gift from Trog
 54306 | Slime:4  | Gained mutation: You expend magic power (3 MP) to strengthen your wands. [a shining eye]
 54375 | Slime:5  | Entered Level 5 of the Pits of Slime
 54566 | Slime:5  | Received a gift from Trog
 54692 | Slime:5  | Noticed the Royal Jelly
 54692 | Slime:5  | Found a viscous altar of Jiyva.
 54746 | Slime:4  | HP: 5/193 [death ooze[the Royal Jelly] (11)]
 55020 | Slime:5  | Killed the Royal Jelly
 55277 | Slime:5  | Got a faintly glowing steel ring
 55356 | Slime:5  | Got a faintly glowing turquoise ring
 55368 | Slime:5  | Got a slimy rune of Zot
 55636 | Slime:5  | Got a pair of transparent boots
 55656 | Slime:5  | Identified the +0 pair of boots of Buurr {Slay+5} (You found it on level 5 of the Pits of Slime)
 55963 | Lair:1   | Identified the ring "Toelasaz" {rCorr Slay+2 SInv} (You found it on level 5 of the Pits of Slime)
 55964 | Lair:1   | Identified the ring "Ahyla" {+Fly Int+7} (You found it on level 5 of the Pits of Slime)
 56031 | Shoals:1 | Entered Level 1 of the Shoals
 56263 | Shoals:1 | Received a gift from Trog
 56902 | Shoals:2 | Found a flickering gateway to a bazaar.
 57079 | Shoals:2 | Noticed Polyphemus
 57088 | Shoals:2 | Killed Polyphemus
 57849 | Shoals:3 | Received a gift from Trog
 58078 | Shoals:3 | Reached XP level 27. HP: 191/199 MP: 19/20
 58689 | Shoals:3 | Found an opulent altar of Gozag.
 58981 | Shoals:4 | Entered Level 4 of the Shoals
 59050 | Shoals:4 | Got a barnacled rune of Zot
 59241 | Shoals:4 | Received a gift from Trog
 59401 | Shoals:4 | Noticed Ilsuiw
 59423 | Shoals:4 | Killed Ilsuiw
 59587 | Shoals:4 | Got an iridescent great sword {elec}
 60223 | Lair:1   | Identified the +8 great sword "Bung" {elec, Str+2} (You took it off a merfolk javelineer on level 4 of the Shoals)
 60304 | Elf:1    | Entered Level 1 of the Elven Halls
 60488 | Elf:1    | Noticed Aizul
 60493 | Elf:1    | Killed Aizul
 60570 | Elf:1    | Received a gift from Trog
 60594 | Elf:1    | Found Ligac's Food Boutique.
 60617 | Elf:1    | You are sucked into a shaft!
 60617 | Elf:2    | Found Ric Xeps's Magic Scroll Boutique.
 60617 | Elf:2    | Found Idaloo Pobau's Gadget Shop.
 60636 | Elf:2    | Bought a scroll of enchant armour for 127 gold pieces
 60636 | Elf:2    | Bought a scroll of enchant armour for 127 gold pieces
 60636 | Elf:2    | Bought a scroll of enchant armour for 127 gold pieces
 60673 | Elf:2    | Found a runed gate.
 60675 | Elf:2    | Found a runed gate.
 60676 | Elf:2    | Found a runed gate.
 60701 | Elf:2    | Found Item's Antique Weapon Shoppe.
 60808 | Elf:2    | Found Xoanudosel's Magic Scroll Shop.
 60813 | Elf:2    | Bought a scroll of acquirement for 832 gold pieces
 60817 | Elf:2    | Got a dazzling chain mail
 60983 | Elf:2    | Received a gift from Trog
 60986 | Elf:2    | Reached skill level 15 in Dodging
 61327 | Elf:3    | Entered Level 3 of the Elven Halls
 61683 | Elf:3    | Cast into level 2 of the Abyss (a deep elf sorcerer)
 61683 | Abyss:2  | Found a corrupted altar of Lugonu.
 61754 | Abyss:2  | Received a gift from Trog
 61759 | Abyss:2  | Gained mutation: You are very dopey. (Int -4) [a shining eye]
 61763 | Abyss:2  | Gained mutation: Armour fits poorly on your strangely shaped body. [a shining eye]
 61773 | Abyss:2  | Gained mutation: Your magical capacity is very low. (-20% MP) [a shining eye]
 61894 | Elf:3    | Escaped the Abyss
 62008 | Elf:3    | Identified the +6 chain mail "Wieduaz" {Regen+} (You acquired it on level 2 of the Elven Halls)
 62056 | Elf:3    | Got a steaming halberd {flame}
 62081 | Elf:3    | Got a bound steel amulet
 62082 | Elf:3    | Got a pitted great sword {distort}
 62082 | Elf:3    | Got a twisted leather armour
 62111 | Elf:3    | Got a faintly glowing buckler
 62122 | Elf:3    | Got a faintly glowing battleaxe
 62137 | Elf:3    | Identified Moreh's Reference Book on Fire and the Birds
 62455 | Elf:3    | Noticed Noxor's ghost (adept SpEn)
 62477 | Elf:3    | Killed Noxor's ghost
 62855 | Elf:3    | Identified the amulet of Kindness {rC+ Regen+ Str+2 Int+2 Dex-5} (You took it off a deep elf master archer on level 3 of the Elven Halls)
 63167 | Lair:1   | Identified the +9 halberd of Zufoso {flame, +Rage rElec rN+ Int-2} (You took it off a deep elf elementalist on level 3 of the Elven Halls)
 63516 | Hell     | Entered the Vestibule of Hell
 63516 | Hell     | Noticed Geryon
 63539 | Hell     | Killed Geryon
 63611 | Hell     | Received a gift from Trog
 63688 | Hell     | Found a gateway to the freezing wastes of Cocytus.
 63827 | Hell     | Found a gateway to the decaying netherworld of Tartarus.
 63970 | Hell     | Found a gateway to the ashen valley of Gehenna.
 64005 | Hell     | Found a gateway to the Iron City of Dis.
 64189 | Tar:1    | Entered Level 1 of Tartarus
 64509 | Tar:1    | Received a gift from Trog
 65862 | Tar:2    | Received a gift from Trog
 66934 | Tar:2    | Received a gift from Trog
 66995 | Tar:2    | Gained mutation: You do not regenerate when monsters are visible. [a neqoxec]
 68239 | Tar:3    | Received a gift from Trog
 68858 | Tar:4    | Received a gift from Trog
 68944 | Tar:4    | Reached skill level 27 in Armour
 69339 | Tar:4    | Received a gift from Trog
 69659 | Tar:4    | Lost dexterity.
 69952 | Tar:4    | Lost dexterity.
 70622 | Tar:4    | Received a gift from Trog
 71130 | Tar:5    | Gained mutation: You are clumsy. (Dex -2) [mutagenic glow]
 71515 | Tar:5    | Received a gift from Trog
 71910 | Tar:5    | Lost dexterity.
 73112 | Tar:6    | Received a gift from Trog
 73130 | Tar:6    | Noticed an ancient lich
 73142 | Tar:6    | Killed an ancient lich
 73743 | Tar:6    | Cast into level 2 of the Abyss (reaper)
 73775 | Tar:6    | Escaped the Abyss
 74030 | Tar:6    | Received a gift from Trog
 74290 | Tar:6    | Gained mutation: Your magical capacity is extremely low. (-30% MP) [mutagenic glow]
 74385 | Tar:6    | Gained mutation: Potions are less effective at restoring your health. [mutagenic glow]
 74423 | Tar:6    | Lost mutation: You do not regenerate when monsters are visible. [mutagenic glow]
 74674 | Tar:7    | Entered Level 7 of Tartarus
 74954 | Tar:7    | Gained mutation: You are resistant to hostile enchantments. (MR+) [mutagenic glow]
 75042 | Tar:7    | Received a gift from Trog
 75157 | Tar:7    | Gained mutation: You often lose your temper in combat. [mutagenic glow]
 75183 | Tar:7    | Lost dexterity.
 75881 | Tar:7    | Received a gift from Trog
 76685 | Tar:7    | Received a gift from Trog
 77251 | Tar:7    | Noticed the Serpent of Hell
 77453 | Tar:7    | Received a gift from Trog
 77816 | Tar:7    | Identified Sif Muna's Compendium of Orientation and Enhancements
 77941 | Tar:7    | Got a clouded platinum amulet
 77945 | Tar:7    | Noticed Ereshkigal
 77989 | Tar:7    | Killed Ereshkigal
 78280 | Tar:7    | Got a sparkling steel ring
 78287 | Tar:7    | Got a bone rune of Zot
 78293 | Tar:7    | Got a flickering golden ring
 78503 | Tar:7    | Received a gift from Trog
 78663 | Tar:7    | Got an ivory bardiche
 79045 | Tar:7    | Killed the Serpent of Hell
 79082 | Tar:7    | Reached skill level 27 in Axes
 79334 | Coc:1    | Entered Level 1 of Cocytus
 79412 | Coc:1    | Reached skill level 1 in Stealth
 79588 | Coc:1    | Received a gift from Trog
 80568 | Coc:2    | Reached skill level 5 in Stealth
 80645 | Coc:2    | Received a gift from Trog
 81358 | Coc:2    | Received a gift from Trog
 81426 | Coc:2    | Gained mutation: Your body sometimes deteriorates upon taking damage. [mutagenic glow]
 81446 | Coc:2    | Gained mutation: You sometimes yell uncontrollably at your foes. [mutagenic glow]
 81528 | Coc:2    | Lost dexterity.
 81528 | Coc:2    | Gained mutation: You are very clumsy. (Dex -4) [mutagenic glow]
 81564 | Coc:2    | Gained mutation: You have an uncontrollable temper. [mutagenic glow]
 81755 | Coc:2    | Received a gift from Trog
 82230 | Coc:3    | Reached skill level 27 in Dodging
 82253 | Coc:3    | Reached skill level 10 in Stealth
 82371 | Coc:3    | Noticed an ancient lich
 82383 | Coc:3    | Killed an ancient lich
 82412 | Coc:3    | Received a gift from Trog
 82698 | Coc:4    | Received a gift from Trog
 82835 | Coc:4    | Reached skill level 15 in Stealth
 83469 | Coc:5    | Identified the amulet of Jesai {Regen+ Int+4 SInv} (You took it off a vampire mage on level 7 of Tartarus)
 83475 | Coc:5    | Identified the ring "Oczoq" {Fire Str+4} (You found it on level 7 of Tartarus)
 83477 | Coc:5    | Identified the ring "Pucsyiqot" {rCorr rPois MP+9 Dex+2 Stlth+} (You found it on level 7 of Tartarus)
 83597 | Coc:5    | Received a gift from Trog
 84142 | Coc:6    | Received a gift from Trog
 84152 | Coc:6    | Gained mutation: You are frail. (-10% HP) [mutagenic glow]
 84206 | Coc:6    | Gained mutation: You are occasionally teleported next to monsters. [mutagenic glow]
 84788 | Coc:7    | Entered Level 7 of Cocytus
 85172 | Coc:7    | Received a gift from Trog
 85630 | Coc:7    | Gained mutation: You frequently scream uncontrollably at your foes. [a cacodemon]
 85850 | Coc:7    | Received a gift from Trog
 86105 | Coc:7    | Got a pitted broad axe
 86110 | Coc:7    | Got a steaming robe
 86260 | Coc:7    | Lost intelligence.
 86510 | Coc:7    | Noticed Antaeus
 86525 | Coc:7    | HP: 4/194 [Ice Fiend/bolt of cold (51)]
 86527 | Coc:7    | Engulfed by a cloud of freezing vapour

Skill      XL: |  1  2  3  4  5  6  7  8  9 10 11 12 13 14 15 16 17 18 19 20 21 22 23 24 25 26 27 |
---------------+----------------------------------------------------------------------------------+-----
Fighting       | 4 5 6 7 8 9 11 13 14 16 17 19 20 21 22 23 24 25 26 27 | 27.0
Axes           | 3 4 5 6 8 9 10 11 12 13 14 15 16 17 18 20 21 27 | 27.0
Armour         | 3 4 6 8 9 11 12 13 14 15 16 17 18 19 21 22 23 24 27 | 27.0
Dodging        | 8 11 13 27 | 27.0
Stealth        | 23 | 23.8

Action                   |  1- 3 |  4- 6 |  7- 9 | 10-12 | 13-15 | 16-18 | 19-21 | 22-24 | 25-27 || total
-------------------------+-------+-------+-------+-------+-------+-------+-------+-------+-------++-------
Melee: Hand axe          |    90 |   330 |   270 |       |       |       |       |       |       ||   690
       Broad axe         |       |       |   235 |    51 |       |       |       |       |       ||   286
       Battleaxe         |       |       |       |   341 |   794 |   480 |       |       |       ||  1615
       Executioner's axe |       |       |       |       |       |   415 |   712 |   920 |  5374 ||  7421
Invok: Berserk           |       |     1 |     2 |     4 |     7 |     4 |     6 |     1 |     7 ||    32
       Trog's Hand       |       |       |       |       |       |       |     6 |     5 |    20 ||    31
 Abil: Fly               |       |       |       |       |       |       |       |       |     2 ||     2
       Stop Flying       |       |       |       |       |       |       |       |       |     1 ||     1
Evoke: Wand              |       |       |       |       |       |       |       |       |     5 ||     5
  Use: Scroll            |       |     1 |    11 |    16 |    16 |    15 |     2 |    18 |    36 ||   115
       Potion            |       |       |       |     5 |     1 |     3 |    11 |       |    24 ||    44
 Stab: Distracted        |       |       |       |       |       |       |     1 |     1 |     3 ||     5
       Petrifying        |       |       |       |       |       |       |       |       |     1 ||     1
  Eat: Chunk             |     1 |    10 |    14 |    24 |    34 |    32 |    21 |    27 |    34 ||   197
       Royal jelly       |       |       |       |     2 |     1 |       |       |       |    11 ||    14
       Fruit             |       |       |       |       |     2 |    12 |     7 |     7 |     2 ||    30
       Meat ration       |       |       |       |       |       |       |     1 |       |    20 ||    21
Armor: Animal skin       |    10 |       |       |       |       |       |       |       |       ||    10
       Ring mail         |    37 |       |       |       |       |       |       |       |       ||    37
       Swamp dragon scal |    22 |    92 |       |       |       |       |       |       |       ||   114
       Crystal plate arm |       |   219 |   528 |   497 |  1017 |  1868 |  1318 |  1386 |  6009 || 12842
Dodge: Dodged            |    89 |   147 |   146 |   148 |   362 |   577 |   458 |   604 |  3349 ||  5880
